 Dungeon Crawl Stone Soup version 0.30.1-4-g462c640d31 (webtiles) character file.

Game seed: 2806867477615503438

124 Peloso the Covered (level 4, 0/40 HPs)
             Began as a Minotaur Fighter on Sept 11, 2023.
             Slain by a goblin
             ... wielding a +0 club
             ... led by Robin
              (4 damage)
             ... on level 2 of the Dungeon.
             The game lasted 00:02:31 (1886 turns).

Peloso the Covered (Minotaur Fighter)               Turns: 1886, Time: 00:02:32

Health: 0/40       AC:  9    Str: 20    XL:     4   Next: 81%
Magic:  3/3        EV:  8    Int:  5    God:
Gold:   115        SH:  5    Dex: 18    Spells: 3/3 levels left

rFire   . . .        a - +0 long sword
rCold   . . .        d - +0 buckler
rNeg    . . .        c - +0 chain mail
rPois   .            (helmet restricted)
rElec   .            (no cloak)
rCorr   .            (no gloves)
SInv    .            (no boots)
Will    +....        (no amulet) Stlth
                     h - +6 ring of dexterity
HPRegen 0.26/turn    i - ring of willpower
MPRegen 0.08/turn

%: no passive effects
@: lethally poisoned (0 -> -7)
A: horns 2, retaliatory headbutt
a: no special abilities


You were on level 2 of the Dungeon.
You visited 1 branch of the dungeon, and saw 3 of its levels.

You collected 115 gold pieces.

Inventory:

Hand Weapons
 a - a +0 long sword (weapon)
Armour
 b - a +0 scale mail
 c - a +0 chain mail (worn)
 d - a +0 buckler (worn)
Jewellery
 e - an amulet of magic regeneration
 h - a +6 ring of dexterity (left hand)
 i - a ring of willpower (right hand)
Scrolls
 m - 4 scrolls of identify
Potions
 f - a potion of attraction
 j - 2 potions of might


   Skills:
 + Level 4.1 Fighting
 + Level 4.2 Long Blades
 + Level 4.6 Armour
 + Level 0.7 Dodging
 + Level 4.3 Shields


You had 3 spell levels left.
You didn't know any spells.
Your spell library contained the following spells:

 Spells                   Type           Power      Damage    Failure   Level
 Apportation              Tloc           0%         N/A       99%         1
 Ignite Poison            Fire/Tmut/Pois 0%         N/A       100%        3
 Sticky Flame             Conj/Fire      0%         2d3       100%        4
 Alistair's Intoxication  Tmut/Pois      0%         N/A       100%        5
 Ignition                 Fire           0%         3d3       100%        8


Dungeon Overview and Level Annotations

Branches:
Dungeon (3/15)

Altars:


Innate Abilities, Weirdness & Mutations

You have a pair of horns on your head.
You reflexively headbutt those who attack you in melee.


Message History

You climb upwards.
There is a stone staircase leading down here.
You hit Robin but do no damage. You block the hobgoblin's attack.
The goblin hits you but does no damage.
Robin hits you with a +6 trident of venom.
The goblin hits you with a +0 club. The goblin hits you but does no damage.
Unknown command.
You hit Robin.
Robin is heavily wounded.
The hobgoblin hits you but does no damage.
You block the goblin's attack.
Robin hits you with a +6 trident of venom!
You block the goblin's attack. The goblin hits you with a +0 club.
You hit Robin.
Robin is heavily wounded.
The hobgoblin hits you but does no damage.
The goblin hits you but does no damage.
Robin hits you with a +6 trident of venom.
You are poisoned.
You block the goblin's attack. The goblin barely misses you.
You slash Robin!
You kill Robin!
You feel very sick.
The hobgoblin hits you but does no damage.
The goblin barely misses you. You furiously retaliate!
You headbutt the goblin!
You kill the goblin!
The goblin hits you with a +0 club.
* * * LOW HITPOINT WARNING * * *
The goblin barely misses you. You furiously retaliate!
You headbutt the goblin, but do no damage.
The goblin attacks as you move away! The goblin hits you but does no damage.
* * * LOW HITPOINT WARNING * * *
You feel very sick. The hobgoblin hits you.
* * * LOW HITPOINT WARNING * * *
You block the goblin's attack.
Items here: ) [[ †.
Okay, then.
The goblin attacks as you move away! The goblin hits you with a +0 club.
You die...

#...##########.....########
#.....##.##...............#
#............#..##.###.####
#.....##........##.###.#
#.....##..#............#
#...#..............###.#
#...#.##..#.....#.## #.#
#...#.##........#.####.#
...............g@....#.#
##+#####......)gg.####.#
.......#.........#####.#
...###.#........###....#
...##.......#...###.##.#
...............<....##.#
.....#####.........###.#
....## ##.#.###### ###
....# ######.###


You could see a hobgoblin (strong) and 2 goblins.

Vanquished Creatures
  Jessica (D:2)
  Terence (D:2)
  Robin (D:2)
  4 adders (D:2)
  A worm (D:2)
  A dart slug (D:1)
  2 endoplasms
  A giant cockroach (D:1)
  3 goblins
  2 hobgoblins
  3 ball pythons (D:2)
  3 bats (D:2)
  A frilled lizard (D:2)
  2 kobolds (D:1)
  A rat (D:1)
27 creatures vanquished.

Notes
Turn   | Place    | Note
-------+----------+-------------------------------------------
     0 | D:1      | Peloso the Minotaur Fighter began the quest for the Orb.
     0 | D:1      | Reached XP level 1. HP: 19/19 MP: 0/0
   487 | D:1      | Reached XP level 2. HP: 27/27 MP: 1/1
  1191 | D:2      | Reached XP level 3. HP: 32/33 MP: 2/2
  1324 | D:2      | Noticed Terence
  1334 | D:2      | Killed Terence
  1335 | D:2      | Reached XP level 4. HP: 20/40 MP: 3/3
  1682 | D:2      | Noticed Jessica
  1700 | D:2      | Killed Jessica
  1878 | D:3      | Noticed Robin
  1884 | D:2      | Killed Robin
  1886 | D:2      | Slain by a goblin

Illustrated notes

Levels and vault maps discovered:
D:1:      shiori_shiawase, layout_basic, serial_rivers,
          chequers_serial_rivers_large_b, chequers_serial_rivers_small_3,
          chequers_serial_rivers_micro_d, chequers_serial_rivers_small_b,
          chequers_serial_rivers_micro_e, chequers_serial_rivers_room_a
D:2:      layout_basic, uniq_jessica, uniq_terence
D:3:      layout_loops_cross, dreamdust_ecumenical_altar_grove, uniq_robin

Skill      XL: |  1  2  3  4 |
---------------+-------------+-----
Armour         | 4 |  4.6
Fighting       | 4 |  4.1
Long Blades    | 3 4 |  4.2
Shields        | 4 |  4.3
Dodging        | |  0.7

Action                     |  1- 3 |  4- 6 || total
---------------------------+-------+-------++-------
  Melee: Long sword        |    81 |     9 ||    90
         Headbutt          |     9 |     1 ||    10
    Use: Scroll            |     6 |     1 ||     7
 Armour: Scale mail        |    48 |     1 ||    49
         Chain mail        |       |     9 ||     9
  Dodge: Dodged            |    48 |     8 ||    56
  Block: Buckler           |    26 |     6 ||    32
